 Dungeon Crawl Stone Soup version 0.26-a0-1129-gc5df7fbe6a (webtiles) character file.

Game seed: 3609244409248589079

412 vvl the Poker (level 6, -2/49 HPs)
             Began as a Merfolk Fighter on Dec 18, 2020.
             Slain by Eustachio
             ... wielding a +0 rapier
              (7 damage)
             ... on level 4 of the Dungeon.
             The game lasted 00:10:09 (4277 turns).

vvl the Poker (Merfolk Fighter)                     Turns: 4277, Time: 00:10:09

Health: -2/49      AC:  6    Str: 18      XL:     6   Next: 90%
Magic:  6/6        EV:  9    Int:  8      God:
Gold:   139        SH:  9    Dex: 12 (13) Spells: 5/5 levels left

rFire    . . .     SeeInvis .   a - +0 trident
rCold    . . .     Faith    .   c - +0 kite shield
rNeg     . . .     Spirit   .   b - +0 scale mail
rPois    .         Reflect  .   (no helmet)
rElec    .         Harm     .   (no cloak)
rCorr    .         Rampage  .   (no gloves)
Will     .....                  (no boots)
Stlth    ..........             (no amulet)
HPRegen  0.16/turn              (no ring)
MPRegen  0.10/turn              (no ring)

@: no status effects
A: change form in water, swift swim, stealthy swim
a: no special abilities


You were on level 4 of the Dungeon.
You visited 1 branch of the dungeon, and saw 4 of its levels.

You collected 139 gold pieces.

Inventory:

Hand Weapons
 a - a +0 trident (weapon)
Armour
 b - a +0 scale mail (worn)
 c - a +0 kite shield (worn)
Jewellery
 g - an uncursed ring of wizardry {unknown}
 n - an uncursed ring of stealth {unknown}
 t - an uncursed ring of positive energy {unknown}
 u - a +4 ring of evasion {unknown}
 v - an uncursed ring of protection from cold {unknown}
Wands
 y - a wand of acid (8)
Scrolls
 e - 3 scrolls of remove curse {unknown}
 h - a scroll of random uselessness {unknown}
 l - a scroll of enchant armour {unknown}
 m - a scroll of fog {unknown}
 o - 5 scrolls of identify {unknown}
 p - 2 scrolls of amnesia {unknown}
 q - a scroll of immolation {unknown}
 r - 3 scrolls of teleportation {unknown}
 s - a scroll of magic mapping {unknown}
 w - a scroll of enchant weapon {unknown}
Potions
 d - a potion of degeneration {unknown}
 f - a potion of haste {unknown}
 i - 2 potions of magic {unknown}
 j - a potion of mutation {unknown}
 z - a potion of resistance {unknown}


   Skills:
 + Level 4.6 Fighting
 + Level 5.2 Polearms
 + Level 3.1 Armour
 + Level 3.7 Dodging
 + Level 4.2 Shields


You had 5 spell levels left.
You didn't know any spells.
Your spell library was empty.

Dungeon Overview and Level Annotations

Branches:
Dungeon (4/15)
 Temple: D:4-7

Altars:

Annotations:
D:4 2 runed translucent doors, COBRA's ghost, amateur HOFi; Eustachio


Message History

* * * LOW HITPOINT WARNING * * *
You barely miss the quokka.
The shadow imp disappears in a puff of smoke!
The iron imp disappears in a puff of smoke!
You block the quokka's attack. The quokka barely misses you.
You completely miss the quokka. The quokka bites you.
* * * LOW HITPOINT WARNING * * *
You hit the quokka but do no damage. The quokka bites you.
* * * LOW HITPOINT WARNING * * *
You hit the quokka.
You kill the quokka!
The quokka's corpse disappears in a puff of smoke!
The bat barely misses you. You block the bat's attack.
Eustachio casts a spell.
Eustachio blinks!
You puncture Eustachio!
Eustachio is almost dead.
You block the bat's attack. You block Eustachio's attack.
Eustachio hits you with a +0 rapier!
You die...

#.###.... #.# ##...
#.# ##.# #.# #.#
#######.#####.#
##...##....†...#
#..#......######
#.#####§###.....# ###
#...@@§.b#.....###≈≈##
########...###..#W.#.#
##.## #..#.⌠.≈# #.#
#..+...). #.#
#..+.#..# #.#
##.#§§§.. #.# #.#§§≈##
#.# ###≈##≈# #.# ## ##


You could see Eustachio and a bat (summoned).

Vanquished Creatures
  An ogre (D:4)
  An orc priest (D:3)
  Natasha (thrice) (D:4)
  A worker ant (D:4)
  2 orc wizards
  9 adders
  An ooze (D:2)
  A worm (D:2)
  7 orcs
  4 bats
  2 giant cockroaches (D:2)
  2 goblins (D:1)
  3 hobgoblins
  6 jackals
  A quokka (D:3)
  3 frilled lizards (D:2)
  A jackal skeleton (D:4)
  12 kobolds
  A quokka skeleton (D:4)
  10 rats
71 creatures vanquished.

Notes
Turn   | Place    | Note
-------+----------+-------------------------------------------
     0 | D:1      | vvl the Merfolk Fighter began the quest for the Orb.
     0 | D:1      | Reached XP level 1. HP: 18/18 MP: 1/1
   179 | D:1      | Reached XP level 2. HP: 24/24 MP: 2/2
   281 | D:1      | Reached skill level 1 in Dodging
   554 | D:2      | Reached XP level 3. HP: 19/29 MP: 3/3
  1100 | D:2      | Reached XP level 4. HP: 29/37 MP: 4/4
  1914 | D:2      | Reached skill level 4 in Polearms
  2523 | D:3      | Reached XP level 5. HP: 10/42 MP: 5/5
  3411 | D:4      | Noticed Natasha
  3420 | D:4      | Killed Natasha
  3775 | D:4      | Reached XP level 6. HP: 43/49 MP: 6/6
  3829 | D:4      | Noticed Natasha
  3840 | D:4      | Killed Natasha
  3877 | D:4      | Noticed Natasha
  3888 | D:4      | Killed Natasha
  3977 | D:4      | Reached skill level 5 in Polearms
  4147 | D:4      | Found a large runed translucent door.
  4148 | D:4      | Found a large runed translucent door.
  4150 | D:4      | Noticed COBRA's ghost (amateur HOFi)
  4168 | D:4      | Noticed Eustachio
  4277 | D:4      | Slain by Eustachio

Illustrated notes

Levels and vault maps discovered:
D:1:      minmay_arrival_loop, layout_rooms
D:2:      layout_loops_corners, grunt_decor_cap, chequers_serial_rivers_large_b,
          st_stairs_9, minmay_misc_feat_more_columns, hangedman_glass_teeth,
          minmay_close_crescents
D:3:      layout_loops_ring
D:4:      layout_loops_ring, general_overflow_altar,
          ebering_ghost_disaster_area, uniq_sigmund, uniq_natasha,
          uniq_eustachio

Skill      XL: |  1  2  3  4  5  6 |
---------------+-------------------+-----
Dodging        | 1 2 3 |  3.7
Polearms       | 4 5 |  5.2
Fighting       | 4 |  4.6
Shields        | 4 |  4.2
Armour         | 3 |  3.1

Action                   |  1- 3 |  4- 6 || total
-------------------------+-------+-------++-------
Melee: Trident           |   124 |   321 ||   445
  Use: Potion            |     1 |     6 ||     7
Armor: Scale mail        |    48 |    78 ||   126
       Skin              |       |   124 ||   124
Dodge: Dodged            |    32 |    98 ||   130
Block: Kite shield       |    55 |   192 ||   247

Table legend: (Time is in decaauts)
 A = Elapsed time spent in this place.
 B = Non-inter-level travel time spent in this place.
 C = Inter-level travel time spent in this place.
 D = Time resting spent in this place.
 E = Time spent auto-exploring this place.
 F = Levels seen in this place.
 G = Mean time per level.
                   A        B        C        D        E       F      G
               +--------+--------+--------+--------+--------+-----+--------+
         Total |   4351 |   4172 |    179 |    941 |   2516 |   4 | 1087.8 |
       Dungeon |   4351 |   4172 |    179 |    941 |   2516 |   4 | 1087.8 |
               +--------+--------+--------+--------+--------+-----+--------+

Top non-repeatable levels by time:
     D:2: 1781 daAuts
     D:4: 1032 daAuts
     D:3: 990 daAuts
     D:1: 546 daAuts
